AoeStats
← {WaZzU'P} Recluta4!

Black Forest

503490694Analyzed
4v4 RM · 1mo ago on Aug 31, 2026· 46m 27s· 8 players
Game mode
Random Map
Map size
Large (8 player)
Population
200
Speed
Normal
Resources
Standard
Victory
Conquest
Starting age
Dark Age
Ending age
Imperial Age
RankedLock teamsTeams togetherTeam positionsShared explorationLock speedFull tech treeHidden civsTurbo modeCheats
Victory
Defeat
🇺🇸 Malians · United States
1161
+11
🇨🇭 Sicilians · Switzerland
1050
+16
🇬🇧 Persians · United Kingdom
1032
+17
🇫🇷 Portuguese · France
980
+19
🇧🇷 Britons · Brazil
1079
-17
🇧🇷 Persians · Brazil
1067
-17
🇧🇷 Vietnamese · Brazil
1038
-15
🇧🇷 Franks · Brazil
1014
-14
HackThor
11:17 Feudal Age
14:57 Castle Age
13:55 Double-Bit Axe
13:51 Horse Collar
16:39 Heavy Plow
22:34 Bow Saw
25:10 Wheelbarrow
24:48 Forging
25:11 Loom
25:17 Gold Mining
25:18 Stone Mining
26:25 Hand Cart
27:35 Scale Barding Armor
28:06 Iron Casting
28:04 Husbandry
28:15 Bloodlines
28:31 Chain Barding Armor
29:02 Gold Shaft Mining
29:02 Stone Shaft Mining
32:20 Imperial Age
32:14 Elite War Elephant
33:15 Conscription
32:21 Onager
33:38 Plate Barding Armor
34:03 Blast Furnace
36:16 Crop Rotation
36:48 Two-Man Saw
41:25 Devotion
Zephyr
1:10 Loom
11:57 Feudal Age
12:30 Double-Bit Axe
17:30 Castle Age
15:21 Horse Collar
16:28 Gold Mining
19:09 Bow Saw
19:01 Heavy Plow
22:24 Wheelbarrow
22:42 Town Watch
23:39 Hand Cart
23:35 Stone Mining
25:05 Stone Shaft Mining
30:52 Imperial Age
30:02 Town Patrol
30:11 Scale Barding Armor
30:17 Forging
29:57 Fletching
30:20 Pikeman
32:47 Chemistry
32:09 Ballistics
32:08 Onager
33:53 Crop Rotation
34:34 Two-Man Saw
34:00 Bloodlines
33:39 Light Cavalry
34:20 Husbandry
34:48 Conscription
36:15 Iron Casting
36:01 Chain Barding Armor
37:01 Arquebus
41:53 Blast Furnace
40:23 Halberdier
41:37 Cavalier
43:33 Caravan
44:01 Gambesons
{WaZzU'P} GranPolo
0:41 Loom
11:20 Feudal Age
14:55 Forging
22:17 Castle Age
21:31 Scale Mail Armor
21:29 Fletching
21:37 Horse Collar
21:45 Double-Bit Axe
25:14 Town Watch
27:14 Bodkin Arrow
28:16 Wheelbarrow
28:35 Gold Mining
30:52 Town Patrol
31:47 Iron Casting
31:30 Hand Cart
32:01 Chain Mail Armor
31:54 Squires
32:49 Bow Saw
34:11 Ballistics
35:12 Pikeman
39:39 Imperial Age
40:00 Elite Serjeant
40:04 Capped Ram
42:33 Siege Ram
45:07 Gold Shaft Mining
45:45 Plate Mail Armor
46:15 Blast Furnace
{WaZzU'P} Recluta4!
11:17 Feudal Age
16:09 Castle Age
14:51 Double-Bit Axe
14:49 Horse Collar
17:09 Bow Saw
17:01 Heavy Plow
25:01 Wheelbarrow
24:13 Loom
24:15 Town Watch
26:17 Hand Cart
25:53 Gold Mining
31:31 Imperial Age
29:04 Scale Mail Armor
29:16 Masonry
28:47 Treadmill Crane
29:29 Ballistics
29:21 Forging
29:36 Caravan
30:07 Coinage
30:22 Chain Mail Armor
29:29 Man-at-Arms
30:09 Squires
29:58 Pikeman
30:52 Fortified Wall
30:58 Town Patrol
30:21 Long Swordsman
30:47 Arson
32:36 Iron Casting
31:37 Two-Handed Swordsman
33:46 Plate Mail Armor
32:42 Champion
32:52 Capped Ram
34:52 Conscription
34:41 Tigui
35:20 Guilds
35:40 Banking
40:37 Gold Shaft Mining
41:17 Chemistry
Longshanks
5:49 Loom
10:57 Feudal Age
15:21 Castle Age
13:54 Double-Bit Axe
14:09 Horse Collar
17:17 Bow Saw
23:11 Forging
24:14 Heavy Plow
25:20 Wheelbarrow
26:35 Hand Cart
27:06 Town Watch
31:04 Imperial Age
28:51 Fletching
29:01 Padded Archer Armor
29:33 Gold Mining
29:33 Stone Mining
30:03 Fortified Wall
30:14 Ballistics
30:06 Masonry
29:58 Padded Archer Armor
33:13 Two-Man Saw
32:57 Town Patrol
33:58 Chemistry
33:30 Treadmill Crane
34:21 Architecture
33:57 Siege Engineers
33:38 Arrowslits
33:49 Bodkin Arrow
34:09 Leather Archer Armor
34:06 Forging
34:19 Conscription
35:10 Scale Mail Armor
35:17 Bracer
35:25 Onager
36:32 Yeomen
36:48 Hoardings
37:14 Murder Holes
37:51 Ring Archer Armor
37:57 Iron Casting
37:26 Pikeman
39:37 Chain Mail Armor
42:39 Blast Furnace
42:09 Plate Mail Armor
Fiaboi_
10:59 Feudal Age
9:49 Loom
15:09 Castle Age
13:00 Double-Bit Axe
13:51 Horse Collar
18:48 Fletching
23:33 Bow Saw
25:48 Bodkin Arrow
25:17 Crossbowman
26:19 Padded Archer Armor
27:59 Leather Archer Armor
31:17 Imperial Age
30:51 Ballistics
31:58 Bloodlines
31:48 Husbandry
31:56 Arbalester
32:34 Light Cavalry
33:23 Scale Barding Armor
35:30 Chemistry
35:57 Wheelbarrow
36:24 Two-Man Saw
35:25 Heavy Plow
35:18 Gold Mining
36:09 Bracer
37:02 Thumb Ring
41:03 Ring Archer Armor
Sepulkiller
0:32 Loom
13:29 Feudal Age
17:29 Castle Age
15:56 Double-Bit Axe
26:45 Wheelbarrow
25:56 Horse Collar
35:19 Heavy Plow
35:33 Bow Saw
37:15 Hand Cart
40:58 Kamandaran
Chéio
2:37 Loom
11:29 Feudal Age
16:47 Castle Age
14:43 Double-Bit Axe
18:21 Bow Saw
28:08 Wheelbarrow
27:21 Town Watch
28:31 Murder Holes
29:39 Caravan
29:36 Gold Mining
29:43 Stone Mining
29:58 Husbandry
33:04 #83
33:41 Gold Shaft Mining
33:24 Hand Cart
33:11 Town Patrol
33:27 Masonry
33:27 Fortified Wall
33:25 Scale Barding Armor
33:31 Forging
33:43 Light Cavalry
38:29 Imperial Age
36:42 Chain Barding Armor
36:32 Forging
40:27 Plate Barding Armor
40:28 Iron Casting
39:43 Fletching
39:54 Scale Mail Armor
39:56 Padded Archer Armor
40:42 Arson
40:59 Squires
40:19 Pikeman
40:45 Gambesons
40:46 Cavalier
42:18 Conscription
43:40 Coinage
42:56 Halberdier
46:05 Chain Mail Armor
46:51 Blast Furnace
45:48 Bodkin Arrow
46:08 Leather Archer Armor
Connection lost

Rejoining the realm…

Still unreachable

The connection could not be restored.

Session expired

The server has moved on; the page needs a fresh start.